 Dungeon Crawl Stone Soup version 0.30-a0-652-gcc886f7154 (webtiles) character file.

Game seed: 8271560716166866953

204630 ragingrage the Devastator (level 18, -2/142 HPs)
             Began as an Armataur Wanderer on Jan 17, 2023.
             Was the Champion of Hepliaklqana.
             Slain by an alligator snapping turtle (37 damage)
             ... on level 4 of the Shoals.
             The game lasted 00:56:13 (45218 turns).

ragingrage the Devastator (Armataur Wanderer)      Turns: 45218, Time: 00:56:14

Health: -2/142     AC: 24    Str: 18    XL:     18   Next: 1%
Magic:  6/41       EV:  8    Int: 30    God:    Hepliaklqana [******]
Gold:   2483       SH:  6    Dex: 13    Spells: 3/37 levels left

rFire   + + .      SeeInvis .    a - staff of earth
rCold   + . .      Faith    .    A - +0 buckler
rNeg    . . .      Spirit   .    d - +4 leather armour of Laxozial {rF+ Regen+ Dex+3}
rPois   +          Reflect  .    c - +0 helmet
rElec   .          Harm     .    v - scarf {rC+ rF+}
rCorr   .          Roll     +    T - +0 pair of gloves of Negligence {Int+4}
Will    +....                    n - +2 barding
Stlth   +++                      Q - amulet of Engu Hel {Acrobat Regen+}
HPRegen 2.03/turn                B - ring of magical power
MPRegen 0.27/turn                r - ring of Bomes {rPois AC+4 Str+2 Int+4}

@: no status effects
A: reduced essence, large, rugged brown scales 3, deformed body, armoured tail,
roll, long tongue, awkward tongue
}: 1/15 runes: serpentine
a: Renounce Religion, Recall Ancestor, Ancestor Identity, Transference, Idealise


You were on level 4 of the Shoals.
You worshipped Hepliaklqana.
Hepliaklqana was exalted by your worship.
You visited 5 branches of the dungeon, and saw 30 of its levels.
You also visited: Ossuary, Gauntlet and Ice Cave.

You collected 3025 gold pieces.
You spent 542 gold pieces at shops.

Inventory:

Hand Weapons
 b - the +4 mace "Remeb Qaise" {protect, Will+ Dex+4}
   (You found it on level 8 of the Dungeon)

   Dex:       It affects your dexterity (+4).
   Will:      It increases your willpower.
Missiles
 m - a throwing net
 G - 10 curare-tipped darts
 J - 9 silver javelins
Armour
 c - a +0 helmet (worn)
 d - the +4 leather armour of Laxozial (worn) {rF+ Regen+ Dex+3}
   (You found it on level 8 of the Dungeon)

   Dex:       It affects your dexterity (+3).
   rF:        It protects you from fire.
   Regen:     It increases your rate of health regeneration.
 n - a +2 barding (worn)
 v - a scarf of resistance (worn)
 A - a +0 buckler (worn)
 T - the +0 pair of gloves of Negligence (worn) {Int+4}
   (You found it on level 9 of the Dungeon)

   Int:       It affects your intelligence (+4).
Magical Staves
 a - a staff of earth (weapon)
Jewellery
 r - the ring of Bomes (right hand) {rPois AC+4 Str+2 Int+4}
   (You found it in a Gauntlet)

   [ring of protection]

   AC:        It affects your AC (+4).
   Str:       It affects your strength (+2).
   Int:       It affects your intelligence (+4).
   rPois:     It protects you from poison.
 B - a ring of magical power (left hand)
 C - a ring of protection from cold
 Q - the amulet of Engu Hel (around neck) {Acrobat Regen+}
   (You found it on level 8 of the Dungeon)

   [amulet of the acrobat]

   It increases your evasion while moving and waiting.
   Regen:     It increases your rate of health regeneration.
 U - the ring of the Morning {rElec rN+ Str-4 Int+2 Dex+6}
   (You found it on level 4 of the Shoals)

   [ring of dexterity]

   Str:       It affects your strength (-4).
   Int:       It affects your intelligence (+2).
   Dex:       It affects your dexterity (+6).
   rElec:     It insulates you from electricity.
   rN:        It protects you from negative energy.
Wands
 w - a wand of digging (1)
 x - a wand of flame (45)
 F - a wand of mindburst (15)
 L - a wand of paralysis (8)
 N - a wand of iceblast (29)
 W - a wand of quicksilver (4)
 Y - a wand of polymorph (13)
Scrolls
 e - 5 scrolls of fear
 f - 4 scrolls of fog
 i - 14 scrolls of teleportation
 l - 8 scrolls of blinking
 q - 5 scrolls of poison
 s - 4 scrolls of amnesia
 u - a scroll of summoning
 y - 7 scrolls of immolation
 E - a scroll of silence
 H - a scroll of magic mapping
 K - 3 scrolls of vulnerability
 P - 2 scrolls of torment
 Z - a scroll of brand weapon
Potions
 g - 7 potions of mutation
 h - 4 potions of flight
 j - 14 potions of curing
 k - a potion of cancellation
 o - 5 potions of resistance
 p - 7 potions of heal wounds
 t - 6 potions of lignification
 D - 4 potions of might
 I - 5 potions of haste
 O - 7 potions of brilliance
 S - a potion of berserk rage
 V - 2 potions of attraction
 X - 2 potions of invisibility
Miscellaneous
 z - a box of beasts
 M - a phial of floods
 R - a phantom mirror


   Skills:
 - Level 10.0 Fighting
 - Level 10.0 Armour
 - Level 3.0 Dodging
 - Level 7.0 Stealth
 - Level 10.0 Shields
 - Level 10.0 Spellcasting
 + Level 15.9 Conjurations
 + Level 4.1 Translocations
 + Level 3.3 Transmutations
 - Level 6.0 Ice Magic
 - Level 6.0 Air Magic
 + Level 12.7 Earth Magic
 - Level 9.0 Invocations
 - Level 7.0 Evocations


You had 3 spell levels left.
You knew the following spells:

 Your Spells              Type           Power      Damage    Failure   Level
a - Iskenderun's Battles  Conj           84%        2d13      1%          5
b - Stone Arrow           Conj/Erth      100%       3d13      1%          3
c - Blink                 Tloc           78%        N/A       1%          2
d - Freezing Cloud        Conj/Ice/Air   31%        6-21      2%          5
e - Ozocubu's Armour      Ice            50%        N/A       1%          3
f - Iron Shot             Conj/Erth      50%        9d10      1%          6
g - Statue Form           Tmut/Erth      50%        N/A       26%         6
h - Manifold Assault      Tloc           39%        N/A       9%          4

Your spell library contained the following spells:

 Spells                   Type           Power      Damage    Failure   Level
 Magic Dart               Conj           100%       1d8       0%          1
 Freeze                   Ice            100%       1d10      1%          1
 Sandblast                Erth           100%       2d20      1%          1
 Ensorcelled Hibernation  Hex/Ice        66%        N/A       1%          2
 Lesser Beckoning         Tloc           78%        N/A       1%          2
 Momentum Strike          Conj/Tloc      100%       3d10      1%          2
 Passwall                 Tmut/Erth      63%        N/A       1%          2
 Poisonous Vapours        Pois/Air       66%        N/A       1%          2
 Frozen Ramparts          Ice            100%       1d16      1%          3
 Hailstorm                Conj/Ice       69%        3d14      1%          3
 Mephitic Cloud           Conj/Pois/Air  56%        N/A       1%          3
 Sting                    Tmut/Pois      100%       1d8       2%          1
 Gell's Gravitas          Tloc           39%        N/A       2%          3
 Teleport Other           Tloc           39%        N/A       2%          3
 Cigotuvi's Dreadful Rot  Necr/Pois/Air  54%        N/A       3%          2
 Summon Small Mammal      Summ           60%        N/A       4%          1
 Portal Projectile        Hex/Tloc       54%        N/A       6%          3
 Call Imp                 Summ           15%        N/A       7%          2
 Call Canine Familiar     Summ           15%        N/A       14%         3
 Summon Guardian Golem    Hex/Summ       15%        N/A       14%         3
 Arcjolt                  Conj/Air       34%        1d44      1%          5
 Leda's Liquefaction      Hex/Erth       34%        N/A       3%          4
 Fireball                 Conj/Fire      29%        3d13      4%          5
 Orb of Destruction       Conj           42%        9d12      5%          7
 Ice Form                 Ice/Tmut       43%        N/A       7%          4
 Conjure Ball Lightning   Conj/Air       34%        3x3d11    8%          6
 Passage of Golubria      Tloc           39%        N/A       9%          4
 Metabolic Englaciation   Hex/Ice        16%        N/A       36%         5
 Silence                  Hex/Air        16%        N/A       36%         5
 Summon Forest            Summ/Tloc      13%        N/A       50%         5
 Lehudib's Crystal Spear  Conj/Erth      50%        10d12     65%         8
 Dispersal                Tloc           19%        N/A       78%         6
 Simulacrum               Ice/Necr       16%        N/A       90%         6
 Haunt                    Necr/Summ      7%         N/A       100%        7
 Malign Gateway           Summ/Tloc      13%        N/A       100%        7
 Monstrous Menagerie      Summ           7%         N/A       100%        7
 Disjunction              Tloc           19%        N/A       100%        8
 Maxwell's Capacitive Co  Air            25%        ∞         100%        8
 Polar Vortex             Ice            25%        N/A       100%        9


Dungeon Overview and Level Annotations

Branches:
Dungeon (15/15)            Temple (0/1) D:7            Lair (5/5) D:10
 Shoals (4/4) Lair:2        Snake (4/4) Lair:2        Slime (0/5) Lair:4
    Orc (2/2) D:10            Elf (0/3) Orc:2        Vaults (0/5) D:13
 Depths (0/4) D:15        Ossuary (visited)           IceCv (visited)
Gauntlet (visited)

Altars:
Ashenzari
Dithmenos
Hepliaklqana
Qazlal
Jiyva

Shops:
D:10 (   D:15 *=(:   Orc:2 !*?*

Annotations:
D:4 1 runed translucent door, Crazy Yiuf
D:8 2 transporters, ragingrage's ghost, novice GnHs
Lair:1 1 runed translucent door
Lair:4 1 runed translucent door
Shoals:1 1 runed translucent door, Newt's ghost, adept KoHu
Snake:4 3 runed translucent doors


Innate Abilities, Weirdness & Mutations

Your life essence is reduced to manifest your ancestor. (-10% HP)
You are completely covered in rugged brown scales. (AC +3, +7% HP)
Armour fits poorly on your strangely shaped body.
You have a long armoured tail.
You roll when moving toward enemies. (Rampage)
Your long tongue fully drains potion bottles. (2x potion effects)
Your tongue gives you trouble enunciating. (1.5x scroll delay)


Message History

The alligator snapping turtle bites you from afar!
Aiming: Stone Arrow (safe; 1% risk of failure)
Press: ? - help, Q - select action, (/) - cycle Shift-Dir - straight line, f/p - alligator snapping turtle
Aim: an alligator snapping turtle (heavily wounded, slow, ally target, 100% to hit)
You feel a surge of power! Leofsige avoids your attack.
The stone arrow hits the alligator snapping turtle but does no damage.
The alligator snapping turtle is heavily wounded.
The merfolk is engulfed in freezing vapours.
The merfolk hits you from afar with a +0 trident!!
Leofsige hits the alligator snapping turtle with a +0 quarterstaff!
Aiming: Stone Arrow (safe; 1% risk of failure)
Press: ? - help, Q - select action, (/) - cycle Shift-Dir - straight line, f/p - alligator snapping turtle
Aim: an alligator snapping turtle (heavily wounded, slow, ally target, 100% to hit)
You feel a surge of power! Leofsige avoids your attack.
The stone arrow hits the alligator snapping turtle!
The alligator snapping turtle is severely wounded.
The merfolk is engulfed in freezing vapours.
The merfolk hits you but does no damage.
The alligator snapping turtle bites you from afar!
* * * LOW HITPOINT WARNING * * *
Leofsige hits the alligator snapping turtle but does no damage.
Aiming: Stone Arrow (safe; 1% risk of failure)
Press: ? - help, Q - select action, (/) - cycle Shift-Dir - straight line, f/p - alligator snapping turtle
Aim: an alligator snapping turtle (severely wounded, slow, ally target, 100% to hit)
You feel a surge of power! Leofsige avoids your attack.
The stone arrow hits the alligator snapping turtle!
The alligator snapping turtle is severely wounded.
The merfolk is engulfed in freezing vapours.
The merfolk barely misses you.
Aiming: Stone Arrow (safe; 1% risk of failure)
Press: ? - help, Q - select action, (/) - cycle Shift-Dir - straight line, f/p - alligator snapping turtle
Aim: an alligator snapping turtle (severely wounded, slow, ally target, 100% to hit)
You feel a surge of power!
The stone arrow hits the alligator snapping turtle!
The alligator snapping turtle is almost dead.
Your battlesphere fires!
The barrage of energy hits the merfolk!
You kill the merfolk!
The alligator snapping turtle bites you from afar!!!
You die...

~~~○~~≈≈≈~~~~..~~.##......~..##~.
H~~m~~≈≈≈≈~~..........~~.~....###
.).m~~≈≈≈≈≈~........).....<....~~
)m...~≈≈≈≈~~....~~~~.[[.......~~≈
.m.<~~~~~~~......~[~.(......~~~~≈
##.$.~~~~~#####..~~~~......~~~~≈≈
#...~~~~##...##...~~~~...~~~≈≈≈≈
...~~~~~#...§t#...~~~~~.~~~~≈≈≈≈
...~~~~≈~#(.}§R*@.~~~~~~~~~~≈≈≈≈≈
...~~~~≈≈#..§§§#.~~~~~~~~~~≈≈≈≈≈≈
..~~~~≈≈≈##.☼. #..~~~~≈≈≈≈≈≈≈≈≈≈≈
..P~~≈≈≈≈~### !..~~~≈≈≈≈≈≈≈≈≈≈≈≈
....~~≈≈≈≈≈≈≈≈≈≈≈ .....~~≈≈≈≈≈≈
....~~≈≈≈≈≈≈ ..~~~~≈≈≈≈≈


You could see the friendly Leofsige the battlemage, an alligator snapping turtle
(slow, ally target) and a friendly battlesphere.

Vanquished Creatures
  Jorgrun (D:13)
  An Ice Fiend (IceCv)
  2 quicksilver dragons (Snake:4)
  Frances (D:13)
  Kirke (D:14)
  Roxanne (Snake:1)
  2 nagarajas (Snake:3)
  A caustic shrike zombie (D:15)
  2 dire elephants (Snake:2)
  A minotaur (Gauntlet)
  3 merfolk javelineers
  Snorg (D:11)
  4 merfolk impalers
  5 hydras
  3 vault guards (D:13)
  A caustic shrike simulacrum (IceCv)
  4 salamander tyrants
  7 centaur warriors
  7 anacondas
  2 boulder beetles
  3 two-headed ogres
  3 merfolk aquamancers
  2 merfolk avatars
  6 naga warriors
  A vampire mage (D:15)
  Urug (D:10)
  2 orc high priests (Orc:2)
  A tengu warrior (D:14)
  11 naga sharpshooters
  7 shock serpents
  2 skeletal warriors
  A salamander mystic (Snake:4)
  A spark wasp zombie (D:15)
  A deep elf archer (Snake:2)
  8 sea snakes
  2 wizards
  A spriggan simulacrum (IceCv)
  A bog body (IceCv)
  5 naga ritualists
  12 harpies
  2 obsidian statues (IceCv)
  A necromancer (D:15)
  5 orc knights
  4 deep elf pyromancers
  5 ugly things
  8 mana vipers
  9 manticores
  6 fauns
  5 cyclopes
  An orc sorcerer (Orc:2)
  A frost giant zombie (D:15)
  4 oklob plants (Lair:3)
  12 salamanders
  An elephant (Gauntlet)
  8 merfolk sirens
  11 naga magi
  17 black mambas
  Maurice (D:11)
  6 guardian serpents
  A smoke demon (D:15)
  3 water nymphs
  4 cane toads
  10 komodo dragons
  2 freezing wraiths (IceCv)
  Psyche (D:11)
  A rime drake (shapeshifter) (D:13)
  A rime drake (Lair:1)
  An ice devil (IceCv)
  A tengu conjurer (D:8)
  2 golden dragon simulacra (IceCv)
  18 merfolk
  A hornet (Lair:5)
  4 trolls
  A guardian mummy (D:15)
  7 polar bears
  7 blink frogs
  3 wind drakes
  7 dream sheep
  A raiju (Snake:2)
  8 snapping turtles
  Sigmund (D:2)
  An ettin skeleton (D:15)
  A wyvern (Lair:5)
  9 water elementals
  A human (D:13)
  A fire bat (shapeshifter) (D:15)
  5 basilisks
  9 wraiths
  3 vampires
  14 yaks
  2 fire elementals (D:11)
  A steam dragon (D:8)
  7 vampire mosquitoes
  36 nagas
  2 acid dragons
  9 water moccasins
  3 wargs
  Duvessa (D:5)
  3 hydra simulacra (IceCv)
  24 orc warriors
  3 black bears
  A sky beast (D:7)
  An ice beast (D:6)
  2 ettin simulacra (IceCv)
  3 ogres
  An alligator simulacrum (IceCv)
  5 wolves
  14 centaurs
  9 bullfrogs
  Blork the orc (D:5)
  3 necrophages
  2 gnoll sergeants
  A scorpion (Lair:1)
  A wyvern zombie (D:8)
  2 wights (D:8)
  A water moccasin zombie (Ossuary)
  A lindwurm simulacrum (IceCv)
  An electric eel (Lair:2)
  2 howler monkeys
  4 crimson imps (D:15)
  2 hounds (D:4)
  15 orc priests
  A jelly (D:7)
  Terence (D:2)
  2 iguanas
  A gnoll bouda (D:9)
  19 orc wizards
  Ijyb (D:5)
  A killer bee zombie (D:8)
  A mummy (Ossuary)
  A howler monkey zombie (D:8)
  13 gnolls
  8 adders
  2 shadow imps (Gauntlet)
  8 white imps
  4 adder zombies (Ossuary)
  A worm (D:2)
  55 orcs
  3 ball pythons
  9 endoplasms
  4 giant cockroaches
  9 goblins
  7 hobgoblins
  3 quokkas
  6 bats
  4 frilled lizards
  3 gnoll zombies (Ossuary)
  A hobgoblin zombie (Ossuary)
  12 kobolds
  3 kobold zombies (Ossuary)
  3 orc zombies (Ossuary)
  3 rats
709 creatures vanquished.

Vanquished Creatures (collateral kills)
  An Ice Fiend (IceCv)
  A nagaraja (Snake:4)
  A dire elephant (Gauntlet)
  Josephine (Orc:1)
  A merfolk impaler (Shoals:4)
  A catoblepas (D:15)
  2 hydras
  An anaconda (Snake:1)
  A centaur warrior (D:14)
  3 caustic shrike simulacra (IceCv)
  3 naga warriors
  2 orc high priests (Orc:2)
  4 naga sharpshooters
  A shock serpent (Snake:4)
  A deep elf knight (Snake:2)
  4 sea snakes
  A bog body (IceCv)
  An orange crystal statue (Shoals:1)
  3 wizards
  2 orc knights (Orc:2)
  5 harpies
  4 orc sorcerers
  Pikel (D:5)
  2 mana vipers
  A faun (Shoals:2)
  3 ugly things
  3 deep elf pyromancers
  3 salamanders
  2 elephants
  3 manticores
  2 water nymphs
  13 black mambas
  8 naga magi
  A guardian serpent (Snake:3)
  5 cane toads
  A torpor snail (Lair:2)
  An ice devil (D:15)
  A komodo dragon (Lair:1)
  An unseen horror (D:10)
  A tengu conjurer (D:13)
  8 merfolk
  A golden dragon simulacrum (IceCv)
  3 wind drakes
  4 blink frogs
  7 dream sheep
  2 trolls
  5 snapping turtles
  2 water elementals (Shoals:2)
  2 wraiths
  A shadow (D:10)
  9 yaks
  A hog (D:15)
  A basilisk (D:13)
  A fire elemental (D:11)
  4 steam dragons
  Edmund (D:5)
  A vampire mosquito (D:14)
  A warg (Orc:1)
  10 nagas
  4 water moccasins
  6 orc warriors
  2 wolves (Lair:1)
  2 ogres
  5 centaurs
  A lemure (D:5)
  A phantom (D:4)
  2 kobold brigands
  2 bullfrogs
  2 scorpions
  2 water moccasin zombies (Ossuary)
  Dowan (D:5)
  A battlemage (Orc:2)
  4 wights (D:10)
  A killer bee (D:8)
  2 lindwurm simulacra (IceCv)
  A centaur zombie (D:8)
  6 orc priests
  4 orc wizards
  A mummy (Ossuary)
  A howler monkey zombie (D:8)
  An adder (D:4)
  3 gnolls
  2 white imps
  An ufetubus (D:6)
  A worm (D:4)
  29 orcs
  A ball python (D:3)
  A giant cockroach (D:4)
  4 gnoll zombies (Ossuary)
  A goblin (D:3)
  2 hobgoblins
  5 kobolds
  2 bats (D:2)
  2 kobold zombies (Ossuary)
266 creatures vanquished.

Vanquished Creatures (others)
  5 humans (D:15)
  A naga (Snake:2)
  2 centaurs (D:15)
  2 orc wizards
  43 battlemagi
  An ancestor (D:3)
  A bush (Lair:3)
  4 demonic plants (Gauntlet)
  13 fungi
  43 plants
  9 toadstools (Lair:1)
  3 withered plants
127 creatures vanquished.

Grand Total: 1102 creatures vanquished

Notes
Turn   | Place    | Note
-------+----------+-------------------------------------------
     0 | D:1      | ragingrage the Armataur Wanderer began the quest for the
                  | Orb.
     0 | D:1      | ragingrage set off with the following items: a +0 club, a
                  | potion of lignification, a +0 ring mail; and the following
                  | spells available to memorise: Sandblast, Sting, Ensorcelled
                  | Hibernation, Poisonous Vapours, Stone Arrow.
     0 | D:1      | Reached XP level 1. HP: 14/14 MP: 3/3
   170 | D:1      | Learned a level 1 spell: Sandblast
   629 | D:1      | Reached XP level 2. HP: 21/21 MP: 2/4
   783 | D:1      | Found a faded altar of an unknown god.
   810 | D:1      | Prayed at the altar of an unknown god.
   810 | D:1      | Became a worshipper of Hepliaklqana the Forgotten
   810 | D:1      | Reached * piety under Hepliaklqana
  1485 | D:2      | Reached XP level 3. HP: 25/25 MP: 3/5
  1720 | D:2      | Noticed Terence
  1897 | D:3      | Learned a level 3 spell: Stone Arrow
  1982 | D:3      | Reached XP level 4. HP: 32/32 MP: 1/6
  2307 | D:3      | Reached ** piety under Hepliaklqana
  2308 | D:3      | Remembered your ancestor Leofsige as a battlemage
  2591 | D:2      | Noticed Sigmund
  2971 | D:4      | Reached XP level 5. HP: 36/36 MP: 2/7
  2974 | D:4      | Reached skill level 5 in Earth Magic
  2981 | D:4      | Reached skill level 1 in Stealth
  3001 | D:4      | Noticed a black bear
  3008 | D:4      | Killed a black bear
  3009 | D:4      | Reached skill level 1 in Conjurations
  3009 | D:4      | Reached XP level 6. HP: 31/43 MP: 1/8
  3019 | D:4      | Learned a level 2 spell: Blink
  3362 | D:4      | Reached skill level 2 in Conjurations
  3711 | D:4      | Reached XP level 7. HP: 45/48 MP: 4/9
  3835 | D:4      | Found a runed translucent door.
  3836 | D:4      | Noticed Crazy Yiuf
  4029 | D:5      | Entered Level 5 of the Dungeon
  4114 | D:5      | Reached skill level 3 in Conjurations
  4446 | D:5      | Noticed Blork the orc
  4446 | D:5      | Noticed Duvessa
  4446 | D:5      | Noticed Dowan
  4447 | D:5      | Noticed Pikel
  4451 | D:5      | Killed Blork the orc
  4452 | D:5      | Reached skill level 5 in Armour
  4457 | D:5      | Killed Pikel
  4458 | D:5      | Reached skill level 5 in Stealth
  4458 | D:5      | Reached XP level 8. HP: 55/55 MP: 4/11
  4458 | D:5      | Noticed Ijyb
  4578 | D:6      | Reached skill level 4 in Conjurations
  4782 | D:6      | Reached *** piety under Hepliaklqana
  4884 | D:6      | Found a stormy altar of Qazlal.
  4886 | D:6      | Noticed an air elemental
  5680 | D:7      | Reached XP level 9. HP: 60/60 MP: 14/14
  5842 | D:7      | Found a sand-covered staircase.
  5851 | Ossuary  | Entered an ossuary
  6087 | D:7      | Reached **** piety under Hepliaklqana
  6097 | D:7      | Found a staircase to the Ecumenical Temple.
  6270 | D:7      | Reached skill level 5 in Conjurations
  7300 | D:8      | Reached skill level 5 in Spellcasting
  7380 | D:8      | Found a transporter.
  7381 | D:8      | Noticed ragingrage's ghost (novice GnHs)
  7395 | D:8      | Found a transporter.
  7404 | D:8      | Reached skill level 1 in Fighting
  7404 | D:8      | Reached skill level 1 in Invocations
  7464 | D:8      | Reached skill level 1 in Dodging
  7596 | D:8      | Reached XP level 10. HP: 45/68 MP: 8/17
  7853 | D:8      | Identified the +4 leather armour of Laxozial {rF+ Regen+
                  | Dex+3}
  8043 | D:5      | Killed Duvessa
  8129 | D:5      | Killed Dowan
  8139 | D:5      | Killed Ijyb
  8393 | D:5      | Noticed Edmund
  8397 | D:5      | Killed Edmund
  8639 | D:2      | Killed Sigmund
  8798 | D:2      | Killed Terence
  9080 | D:8      | Noticed a centaur warrior
  9082 | D:8      | Reached skill level 1 in Shields
  9089 | D:8      | Killed a centaur warrior
  9392 | D:8      | Identified the +4 mace "Remeb Qaise" {protect, Will+ Dex+4}
  9392 | D:8      | Identified the amulet of Engu Hel {Acrobat Regen+}
  9867 | D:9      | Noticed a two-headed ogre
  9871 | D:9      | Killed a two-headed ogre
 10587 | D:9      | Identified the +0 pair of gloves of Negligence {Int+4}
 10658 | D:9      | Found a broken altar of Ashenzari.
 10839 | D:9      | Reached XP level 11. HP: 79/79 MP: 6/18
 11134 | D:10     | Entered Level 10 of the Dungeon
 11134 | D:10     | Found a staircase to the Orcish Mines.
 11176 | D:10     | Found a staircase to the Lair.
 11183 | D:10     | Noticed Urug
 11213 | D:10     | Killed Urug
 11507 | D:10     | Found Amaom's Antique Weapon Emporium.
 12207 | D:11     | Noticed Snorg
 12216 | D:11     | Killed Snorg
 12217 | D:11     | Reached skill level 10 in Armour
 12217 | D:11     | Reached skill level 5 in Invocations
 12220 | D:11     | Reached skill level 5 in Shields
 12364 | D:11     | Noticed Maurice
 12371 | D:11     | Killed Maurice
 12437 | D:11     | Reached skill level 5 in Fighting
 12640 | D:11     | Noticed a wizard
 12640 | D:11     | Noticed a wizard
 12643 | D:11     | Killed a wizard
 12645 | D:11     | Killed a wizard
 12652 | D:11     | Got the Verses on the Voltaic Singularity
 12654 | D:11     | Got the Compendium of the Hawk
 12891 | D:11     | Noticed a two-headed ogre
 12898 | D:11     | Killed a two-headed ogre
 13002 | D:11     | Reached ***** piety under Hepliaklqana
 13074 | D:11     | Noticed a boulder beetle
 13079 | D:11     | Killed a boulder beetle
 13249 | D:11     | Noticed Psyche
 13253 | D:11     | Killed Psyche
 13253 | D:11     | Noticed a green ugly thing
 13261 | D:11     | Killed a green ugly thing
 13262 | D:11     | Reached XP level 12. HP: 94/94 MP: 2/19
 13538 | D:12     | Noticed a boulder beetle
 13548 | D:12     | Killed a boulder beetle
 13879 | Lair:1   | Entered Level 1 of the Lair of Beasts
 14337 | Lair:1   | Reached skill level 1 in Translocations
 14460 | Lair:1   | Noticed a catoblepas
 14481 | Lair:1   | Found a runed translucent door.
 15449 | Lair:2   | Found a staircase to the Shoals.
 15459 | Lair:2   | Reached skill level 10 in Shields
 16041 | Lair:2   | Found a staircase to the Snake Pit.
 16359 | Lair:3   | Reached XP level 13. HP: 109/109 MP: 20/20
 16477 | Lair:3   | Reached skill level 10 in Fighting
 16481 | Lair:3   | Identified the +0 ring mail "Ocytekuaha" {Rampage MP-9
                  | Str+3 Slay+3}
 17968 | Lair:4   | Reached ****** piety under Hepliaklqana
 18059 | Lair:4   | Identified the +7 mace of Oozing Pus {flame, Fly rC- Str-5
                  | SInv}
 18098 | Lair:4   | Found a runed translucent door.
 18098 | Lair:4   | Found a viscous altar of Jiyva.
 18099 | Lair:4   | Found a staircase to the Slime Pits.
 18314 | Lair:5   | Entered Level 5 of the Lair of Beasts
 18492 | Lair:5   | Reached skill level 5 in Evocations
 18830 | Lair:5   | Identified the +6 bardiche of Baleful Valiance {flame,
                  | rCorr}
 20125 | Lair:5   | Learned a level 5 spell: Iskenderun's Battlesphere
 20196 | Orc:1    | Entered Level 1 of the Orcish Mines
 20216 | Orc:1    | Noticed Josephine
 20223 | Orc:1    | Killed Josephine
 20229 | Orc:2    | Entered Level 2 of the Orcish Mines
 20668 | D:10     | Reached skill level 6 in Conjurations
 20668 | D:10     | Reached XP level 14. HP: 117/117 MP: 3/24
 22028 | Orc:2    | Reached skill level 7 in Conjurations
 22522 | Orc:2    | Reached skill level 8 in Conjurations
 22713 | Orc:2    | Found Saganatz's General Store.
 22718 | Orc:2    | Found Borhyn's General Store.
 22765 | Orc:2    | Bought a potion of curing for 45 gold pieces
 22765 | Orc:2    | Bought a scroll of fog for 60 gold pieces
 22774 | Orc:2    | Found Noufek's Distillery.
 22776 | Orc:2    | Found Qosaaxt's Magic Scroll Shoppe.
 22782 | Orc:2    | Bought a potion of haste for 150 gold pieces
 22782 | Orc:2    | Bought a potion of brilliance for 60 gold pieces
 22785 | Orc:2    | Bought a scroll of teleportation for 45 gold pieces
 22785 | Orc:2    | Bought a scroll of teleportation for 45 gold pieces
 22785 | Orc:2    | Bought a scroll of teleportation for 45 gold pieces
 22990 | Orc:2    | Found a staircase to the Elven Halls.
 23502 | D:13     | Noticed Frances
 23516 | D:13     | Killed Frances
 23517 | D:13     | Reached skill level 9 in Conjurations
 23807 | D:13     | Found a gate leading to a gauntlet.
 23814 | Gauntlet | Entered a Gauntlet
 23814 | Gauntlet | Found a transporter.
 23895 | Gauntlet | Found a transporter.
 23911 | Gauntlet | Found a transporter.
 23915 | Gauntlet | Found a transporter.
 23925 | Gauntlet | Found the +2 cloak of the Thief {*Fog Slay-2 SInv Stlth+}
 23935 | Gauntlet | Found a transporter.
 23948 | Gauntlet | Found a transporter.
 23952 | Gauntlet | Found a transporter.
 23955 | Gauntlet | Found a transporter.
 23978 | Gauntlet | Found a transporter.
 23986 | Gauntlet | Found a transporter.
 23986 | Gauntlet | Found a transporter.
 23994 | Gauntlet | Found a transporter.
 24121 | Gauntlet | Reached skill level 10 in Conjurations
 24263 | Gauntlet | Identified the +0 pair of gloves "Jipnam" {rPois Int-3
                  | SInv}
 24267 | Gauntlet | Identified the amulet of Ofeusk {RegenMP Harm rCorr}
 24295 | Gauntlet | Identified the ring of Bomes {rPois AC+4 Str+2 Int+4}
 24430 | Gauntlet | Got the Vellum of the Several Visionaries
 24485 | D:13     | Identified the +1 rapier of Naadechuw {freeze, rElec rN+}
 24677 | D:13     | Noticed Jorgrun
 24684 | D:13     | Killed Jorgrun
 24945 | D:13     | Reached skill level 11 in Conjurations
 25342 | D:13     | Found a gate to the Vaults.
 25787 | D:14     | Reached skill level 12 in Conjurations
 26036 | D:14     | Learned a level 5 spell: Freezing Cloud
 26118 | D:14     | Reached XP level 15. HP: 54/122 MP: 15/25
 26342 | D:14     | Found a shadowy altar of Dithmenos.
 26353 | D:14     | Reached skill level 1 in Ice Magic
 26353 | D:14     | Reached skill level 1 in Air Magic
 26688 | D:15     | Entered Level 15 of the Dungeon
 26928 | D:15     | Noticed Kirke
 26937 | D:14     | Killed Kirke
 27580 | D:15     | Found Inuubbia's Weapon Shoppe.
 27606 | D:15     | Found a staircase to the Depths.
 27932 | D:15     | Found Uxobuil's Assorted Antiques.
 28051 | D:15     | Bought a scroll of fog for 92 gold pieces
 28136 | D:15     | Found Juytsaaw's Jewellery Boutique.
 28609 | D:15     | Found Engisub's Book Shoppe.
 29385 | Snake:1  | Entered Level 1 of the Snake Pit
 30159 | Snake:1  | Reached skill level 13 in Conjurations
 30416 | Snake:1  | Reached skill level 5 in Air Magic
 30417 | Snake:1  | Reached skill level 5 in Ice Magic
 30556 | Snake:1  | Learned a level 3 spell: Ozocubu's Armour
 31414 | Snake:1  | Identified Roxanne's Omnibus of Grit
 31414 | Snake:1  | Noticed Roxanne
 31428 | Snake:1  | Killed Roxanne
 31459 | Snake:1  | Learned a level 6 spell: Iron Shot
 32458 | Snake:2  | Reached XP level 16. HP: 129/129 MP: 17/26
 32566 | Snake:2  | Identified the +1 robe "Lapavig" {rPois rC+ Int+2}
 33628 | Snake:3  | Reached skill level 14 in Conjurations
 34182 | Snake:3  | Reached skill level 10 in Earth Magic
 35327 | Snake:4  | Entered Level 4 of the Snake Pit
 35472 | Snake:4  | Found a frozen archway.
 35532 | IceCv    | Entered an ice cave
 36517 | IceCv    | Noticed an Ice Fiend
 36517 | IceCv    | Noticed an Ice Fiend
 36524 | IceCv    | Killed an Ice Fiend
 36530 | IceCv    | Killed an Ice Fiend
 38154 | Snake:4  | Reached XP level 17. HP: 127/135 MP: 12/29
 38306 | Snake:4  | Found a runed translucent gate.
 38306 | Snake:4  | Found a runed translucent gate.
 38306 | Snake:4  | Found a runed translucent gate.
 39178 | Snake:4  | Reached skill level 15 in Conjurations
 39325 | Snake:4  | Noticed a quicksilver dragon
 39325 | Snake:4  | Noticed a quicksilver dragon
 39332 | Snake:4  | Killed a quicksilver dragon
 39333 | Snake:4  | Killed a quicksilver dragon
 39340 | Snake:4  | Got a serpentine rune of Zot
 40128 | Shoals:1 | Entered Level 1 of the Shoals
 41217 | Shoals:1 | Found a runed translucent door.
 42022 | Shoals:1 | Noticed Newt's ghost (adept KoHu)
 42311 | Shoals:2 | Learned a level 6 spell: Statue Form
 42686 | Shoals:2 | Reached skill level 1 in Transmutations
 43494 | Shoals:2 | Reached skill level 10 in Spellcasting
 43695 | Shoals:2 | Learned a level 4 spell: Manifold Assault
 44633 | Shoals:4 | Entered Level 4 of the Shoals
 45179 | Shoals:4 | Identified the ring of the Morning {rElec rN+ Str-4 Int+2
                  | Dex+6}
 45210 | Shoals:4 | Reached XP level 18. HP: 114/142 MP: 30/32
 45218 | Shoals:4 | Slain by an alligator snapping turtle

Illustrated notes

Levels and vault maps discovered:
D:1:      dpeg_arrival_circle_labyrinth_a, layout_basic,
          hellmonk_ecumenical_altar_crossroads
D:2:      layout_basic, uniq_terence, uniq_sigmund
D:3:      layout_rooms, minmay_goblin_outpost
D:4:      layout_basic, nicolae_titane, uniq_crazy_yiuf_cottage
D:5:      layout_loops_ring, uniq_blork_the_orc, uniq_ijyb, uniq_edmund,
          uniq_duvessa, uniq_pikel
D:6:      layout_loops_corners, nicolae_qazlal_style_of_elements,
          kennysheep_generic_room_3
D:7:      layout_loops_ring, lemuel_temple_firewalk_b,
          lightli_ossuary_entry_decrepit_ruins,
          eino_small_chamber_without_monster
D:8:      minmay_the_grid_octo_triangle [minmay_the_grid_octo_fan_narrow,
          minmay_the_grid_octo_prize_square_snowflake,
          minmay_the_grid_octo_pinwheel], layout_cave_pools, serial_undead,
          serial_undead_b, serial_undead_e, serial_undead_b, serial_undead_c,
          gammafunk_ghost_stat_death
D:9:      layout_loops_ring, cheibrodos_ashenzari_chains
D:10:     layout_gridville, lair_entry_dummy, orc_0_dummy,
          nicolae_take_the_stairs, chequers_serial_rivers_micro_d, uniq_urug
D:11:     cheibrodos_lost_city_excavation, layout_rooms,
          kennysheep_generic_room_13, uniq_snorg, uniq_maurice, uniq_psyche
D:12:     layout_roguey
D:13:     layout_basic, grunt_vaults_entry_fortified, gauntlet_entry_generic,
          minmay_diced_spiral, uniq_jorgrun, uniq_frances
D:14:     layout_roguey, nicolae_dithmenos_through_a_glass_darkly,
          grunt_decor_mini_mirrors
D:15:     gammafunk_depths_entry_grave, layout_cross, serial_shops, shop, shop,
          nicolae_diamond_shop, shop, minmay_fire_ice_demons, uniq_kirke
Lair:1:   gammafunk_lair_enchanted_lake, layout_cave_shapes,
          grunt_forest_small_clearings, beast_lair_carwin_3
Lair:2:   layout_misc_corridors, nicolae_shoals_entry_roost,
          minmay_snake_entry_guardpost_small, nicolae_quartered_pool_little
Lair:3:   dpeg_oklob_gauntlet, layout_gridlike, minmay_lair_oklob_items,
          minmay_hedge_maze
Lair:4:   layout_misc_corridors, slime_entry_2
Lair:5:   gammafunk_lair_ancient_temple, layout_cave_pods, minivault_11,
          patterned_corridor
Shoals:1: layout_shoals, ebering_ghost_reflecting_pool, dpeg_stationary_puzzle
Shoals:2: cheibrodos_shoals_baths, layout_shoals, nicolae_shoals_square_sea_wall
Shoals:3: layout_shoals, nicolae_shoals_so_close
Shoals:4: shoals_end_simple, layout_shoals, uniq_polyphemus
Snake:1:  layout_layer_cave, uniq_roxanne
Snake:2:  layout_grid_shapes, beargit_elvish_explorers, grunt_megastairs_3
Snake:3:  cheibrodos_snake_ritualist_ritual, layout_cave_town
Snake:4:  hellmonk_snake_rune_quicksilver_temple, layout_layer_cave,
          portal_ice_cave_entry_pillars_1, drop_trap, nicolae_snake_horde_hoard,
          grunt_megastairs_5
Orc:1:    layout_caves, uniq_josephine
Orc:2:    st_orc_elflike, layout_caves

Skill      XL: |  1  2  3  4  5  6  7  8  9 10 11 12 13 14 15 16 17 |
---------------+----------------------------------------------------+-----
Earth Magic    | 2 3 4 5 6 7 8 11 12 | 12.7
Stealth        | 2 3 5 6 7 |  7.0
Conjurations   | 1 2 3 4 5 6 12 13 14 15 | 15.9
Armour         | 5 6 8 9 10 | 10.0
Spellcasting   | 2 3 5 7 8 10 | 10.0
Fighting       | 1 3 6 9 10 | 10.0
Invocations    | 1 3 6 9 |  9.0
Dodging        | 1 2 3 |  3.0
Evocations     | 2 4 7 |  7.0
Shields        | 3 7 10 | 10.0
Translocations | 3 4 |  4.1
Ice Magic      | 5 6 |  6.0
Air Magic      | 5 6 |  6.0
Transmutations | 3 |  3.3

Action                   |  1- 3 |  4- 6 |  7- 9 | 10-12 | 13-15 | 16-18 || total
-------------------------+-------+-------+-------+-------+-------+-------++-------
Melee: Club              |     8 |       |       |       |       |       ||     8
       Short sword       |     8 |    14 |       |       |       |       ||    22
       Tailslap          |       |     2 |     1 |    10 |    30 |     4 ||    47
       Dagger            |       |    13 |     6 |     4 |       |       ||    23
       Staff             |       |       |     3 |    29 |    69 |    20 ||   121
       Punch             |       |       |     1 |       |       |       ||     1
       Mace              |       |       |       |    26 |    85 |     4 ||   115
Throw: Dart              |       |       |     3 |     3 |     2 |       ||     8
       Javelin           |       |       |       |       |       |     2 ||     2
 Cast: Sandblast         |    54 |    54 |    72 |       |     8 |       ||   188
       Stone Arrow       |       |       |    41 |   270 |   602 |   441 ||  1354
       Iskenderun's Batt |       |       |       |       |    43 |    68 ||   111
       Freezing Cloud    |       |       |       |       |    14 |    67 ||    81
       Ozocubu's Armour  |       |       |       |       |     2 |     1 ||     3
       Iron Shot         |       |       |       |       |       |    14 ||    14
       Statue Form       |       |       |       |       |       |     1 ||     1
Invok: Recall Ancestor   |     1 |     2 |       |     3 |       |     1 ||     7
       Ancestor Life: Ba |       |     1 |       |       |       |       ||     1
       Idealise          |       |       |       |       |     1 |       ||     1
Evoke: Wand              |       |       |       |       |    10 |       ||    10
       Phantom mirror    |       |       |       |       |     2 |       ||     2
       Phial of floods   |       |       |       |       |     1 |       ||     1
  Use: Scroll            |       |     1 |     2 |    21 |     7 |     1 ||    32
       Potion            |       |       |       |     1 |     1 |     5 ||     7
 Stab: Sleeping          |       |       |       |       |     1 |       ||     1
       Distracted        |       |       |       |       |     2 |       ||     2
Armor: Ring mail         |    19 |    22 |    39 |       |       |       ||    80
       Leather armour    |       |       |       |    98 |   296 |   134 ||   528
Dodge: Dodged            |    21 |    17 |    15 |    96 |   315 |   117 ||   581
Block: Buckler           |       |       |       |    44 |   216 |    69 ||   329

Table legend: (Time is in decaauts)
 A = Elapsed time spent in this place.
 B = Non-inter-level travel time spent in this place.
 C = Inter-level travel time spent in this place.
 D = Time resting spent in this place.
 E = Time spent auto-exploring this place.
 F = Levels seen in this place.
 G = Mean time per level.
                   A        B        C        D        E       F      G
               +--------+--------+--------+--------+--------+-----+--------+
         Total |  45493 |  43077 |   2416 |  10175 |  26671 |  33 | 1378.6 |
       Dungeon |  19517 |  17666 |   1851 |   3775 |  11324 |  15 | 1301.1 |
          Lair |   6789 |   6572 |    217 |   1299 |   4384 |   5 | 1357.8 |
        Shoals |   4766 |   4686 |     80 |   1080 |   2919 |   4 | 1191.5 |
     Snake Pit |   9410 |   9223 |    187 |   2696 |   5424 |   4 | 2352.5 |
  Orcish Mines |   2973 |   2894 |     79 |    629 |   1755 |   2 | 1486.5 |
       Ossuary |    224 |    224 |      0 |      0 |    172 |   1 |  224.0 |
      Ice Cave |   1184 |   1184 |      0 |    601 |    366 |   1 | 1184.0 |
      Gauntlet |    628 |    628 |      0 |     94 |    327 |   1 |  628.0 |
               +--------+--------+--------+--------+--------+-----+--------+

Top non-repeatable levels by time:
 Snake:4: 3048 daAuts
 Snake:3: 2294 daAuts
 Snake:1: 2289 daAuts
    D:15: 1938 daAuts
     D:8: 1926 daAuts
 Snake:2: 1776 daAuts
    D:14: 1770 daAuts
  Lair:5: 1748 daAuts
Shoals:2: 1735 daAuts
   Orc:2: 1620 daAuts
Shoals:1: 1561 daAuts
  Lair:2: 1530 daAuts
    D:10: 1492 daAuts
  Lair:3: 1472 daAuts
     D:9: 1447 daAuts
